 Dungeon Crawl Stone Soup version 0.27.0-1-g7a089689b8 (webtiles) character file.

Game seed: 15766483167908635203

3798 SnakkuSnakku7 the Jinx (level 9, -1/54 (57) HPs)
             Began as a Vampire Conjurer on Aug 15, 2021.
             Was an Initiate of Gozag.
             Slain by a centaur warrior (8 damage)
             ... on level 9 of the Dungeon.
             The game lasted 00:12:47 (8286 turns).

SnakkuSnakku7 the Jinx (Vampire Conjurer)           Turns: 8286, Time: 00:12:48

HP:   -1/54 (57)    AC:  6    Str: 11 (12) XL:     9   Next: 96%
MP:   13/18         EV: 18    Int: 20 (23) God:    Gozag
Gold: 1058          SH:  0    Dex: 14 (15) Spells: 13/20 levels left

rFire    . . .     SeeInvis +   a - +6 dagger of Courage {venom, rC+ Dex+2}
rCold    + . .     Faith    .   (no shield)
rNeg     . . .     Spirit   .   v - +0 robe
rPois    .         Reflect  .   (no helmet)
rElec    .         Harm     .   s - +2 cloak
rCorr    .         Rampage  .   k - +0 pair of gloves
Will     .....                  (no boots)
Stlth    ++........             (no amulet)
HPRegen  0.38/turn              h - +6 ring of strength
MPRegen  0.16/turn              x - +4 ring of evasion

@: healing quickly, drained
A: alive, fangs 3, see invisible, vampiric 2
a: Exsanguinate, Renounce Religion, Potion Petition, Call Merchant, Bribe Branch


You were on level 9 of the Dungeon.
You worshipped Gozag.
Gozag was most pleased with you.
You visited 2 branches of the dungeon, and saw 10 of its levels.

You collected 1124 gold pieces.
You paid 66 gold pieces to Gozag.

Inventory:

Hand Weapons
 a - the +6 dagger of Courage (weapon) {venom, rC+ Dex+2}
   (You found it on level 6 of the Dungeon)

   It poisons the flesh of those it strikes.
   Dex:       It affects your dexterity (+2).
   rC:        It protects you from cold.
Armour
 c - a +0 pair of gloves
 k - a +0 pair of gloves (worn)
 s - a +2 cloak (worn)
 v - a +0 robe (worn)
Jewellery
 h - a +6 ring of strength (left hand)
 x - a +4 ring of evasion (right hand)
Wands
 u - a wand of paralysis (6)
Scrolls
 d - 2 scrolls of blinking {unknown}
 l - 3 scrolls of teleportation {unknown}
 m - 2 scrolls of amnesia {unknown}
 n - 2 scrolls of fog {unknown}
 o - 4 scrolls of enchant armour {unknown}
 q - 2 scrolls of fear {unknown}
 r - a scroll of vulnerability
 A - 2 scrolls of holy word {unknown}
Potions
 b - 3 potions of degeneration
 e - 2 potions of attraction
 f - 2 potions of curing
 g - 2 potions of lignification {unknown}
 i - 2 potions of heal wounds {unknown}
 j - a potion of cancellation
 p - 2 potions of berserk rage
 t - 2 potions of might
 w - a potion of magic {unknown}
 z - a potion of mutation {unknown}
 B - a potion of haste


   Skills:
 - Level 1.5 Armour
 + Level 5.4 Dodging
 - Level 3.0 Stealth
 - Level 6.0 Spellcasting
 - Level 8.0 Conjurations
 - Level 10.0 Hexes


You had 13 spell levels left.
You knew the following spells:

 Your Spells              Type           Power      Damage    Failure   Level
a - Magic Dart            Conj           100%       1d8       1%          1
b - Searing Ray           Conj           76%        3d6       1%          2
g - Fulminant Prism       Conj/Hex       21%        3d13      2%          4

Your spell library contained the following spells:

 Spells                   Type           Power      Damage    Failure   Level
 Corona                   Hex            51%        N/A       1%          1
 Ensorcelled Hibernation  Hex/Ice        52%        N/A       1%          2
 Dazzling Flash           Conj/Hex       84%        N/A       1%          3
 Tukima's Dance           Hex            46%        N/A       1%          3
 Cause Fear               Hex            23%        N/A       1%          4
 Inner Flame              Hex/Fire       26%        N/A       4%          3
 Iskenderun's Mystic Bla  Conj/Tloc      22%        2d6       21%         4
 Discord                  Hex            23%        N/A       100%        8


Dungeon Overview and Level Annotations

Branches:
Dungeon (9/15)             Temple (1/1) D:4
   Lair: D:8-11         Orc: D:9-12

Altars:
Ashenzari
Cheibriados
Dithmenos
Elyvilon
Fedhas
Gozag
Hepliaklqana
Kikubaaqudgha
Makhleb
Nemelex Xobeh
Okawaru
Qazlal
Ru
Sif Muna
Trog
Uskayaw
Vehumet
Wu Jian
Xom
Yredelemnul
The Shining One

Shops:
D:3 [   D:7 (


Innate Abilities, Weirdness & Mutations

Your natural rate of healing is accelerated.
You have razor-sharp teeth.
You have supernaturally acute eyesight. (SInv)
You are afflicted with vampirism and can become a bat while bloodless.


Message History

You open the door.
The centaur warrior shoots an arrow.
The arrow misses you.
You close the door.
The centaur warrior shoots an arrow.
The arrow misses you.
The centaur warrior shoots an arrow.
The arrow barely misses you.
The centaur warrior shoots an arrow.
The arrow hits you!!
The centaur warrior unwields a +0 shortbow.
The centaur warrior misses you. x2
Aiming: Searing Ray (safe; 1% risk of failure)
Press: ? - help, Q - select action, (/) - cycle Shift-Dir - straight line, f - centaur warrior
Aim: a centaur warrior, quivering arrows (86% to hit)
The searing ray hits the centaur warrior!
The centaur warrior is moderately wounded. (Press . to maintain the ray.)
The centaur warrior hits you. The centaur warrior kicks you.
The centaur warrior hits you. The centaur warrior kicks you.
The searing ray hits the centaur warrior!
The centaur warrior is moderately wounded.
The centaur warrior closely misses you.
The centaur warrior kicks you but does no damage.
Unknown command.
The searing ray hits the centaur warrior.
The centaur warrior is moderately wounded.
The centaur warrior hits you.
The centaur warrior kicks you but does no damage.
The centaur warrior hits you!
* * * LOW HITPOINT WARNING * * *
The centaur warrior barely misses you.
Unknown command.
The searing ray hits the centaur warrior!
The centaur warrior is heavily wounded.
You finish channeling your searing ray.
The centaur warrior misses you. The centaur warrior kicks you.
* * * LOW HITPOINT WARNING * * *
Unknown command.
Aiming: Paralyse
Press: ? - help, Shift-Dir - straight line, f/p - centaur warrior
Aim: a centaur warrior, quivering arrows (heavily wounded, chance to affect: 28%)
The centaur warrior easily resists.
The centaur warrior hits you!
You die...
Your body crumbles into a pile of gold.

#. #.. . #......# #####
.###......##########.....
..../....................
.........................
.....c...................
................@<.......
......########+##c.......
..c...#.........#..$.....
......#......c..#........
......#.......<.#........
.....c########'##........
.........................
.........................
...>..................


You could see a centaur warrior.

Vanquished Creatures
  A troll (D:8)
  Grinder (D:5)
  2 wyverns (D:8)
  A steam dragon (D:8)
  2 black bears
  A hornet zombie (D:7)
  A necrophage (D:6)
  A sky beast (D:7)
  4 ogres
  2 kobold brigands
  4 bullfrogs
  2 wyvern zombies (D:7)
  A gnoll sergeant (D:5)
  2 scorpions (D:6)
  9 killer bees (D:7)
  10 wights (D:8)
  A howler monkey (D:8)
  A bullfrog zombie (D:6)
  2 hounds
  4 bullfrog skeletons
  2 centaur skeletons
  Jessica (D:3)
  An iguana (D:6)
  4 orc wizards
  6 gnolls (D:5)
  5 adders
  3 shadow imps
  A white imp (D:7)
  3 worms
  4 dart slugs
  8 orcs
  7 bats
  11 endoplasms
  3 giant cockroaches
  5 goblins
  7 hobgoblins
  6 jackals (D:1)
  5 quokkas
  10 ball pythons
  4 frilled lizards
  18 kobolds
  5 rats
171 creatures vanquished.

Vanquished Creatures (others)
  5 fulminant prisms (D:8)
5 creatures vanquished.

Grand Total: 176 creatures vanquished

Notes
Turn   | Place    | Note
-------+----------+-------------------------------------------
     0 | D:1      | SnakkuSnakku7 the Vampire Conjurer began the quest for the
                  | Orb.
     0 | D:1      | Reached XP level 1. HP: 13/13 MP: 3/3
   238 | D:2      | Reached XP level 2. HP: 19/19 MP: 1/5
   284 | D:2      | Learned a level 2 spell: Searing Ray
   628 | D:1      | Gained mutation: You are afflicted with vampirism and can
                  | become a bat while bloodless. [Vampire growth]
   628 | D:1      | Reached XP level 3. HP: 22/24 MP: 1/6
   786 | D:1      | Found a faded altar of an unknown god.
  1401 | D:1      | Reached XP level 4. HP: 26/30 MP: 2/7
  1909 | D:3      | Found Pyerr's Antique Armour Shop.
  2471 | D:3      | Noticed Jessica
  2476 | D:3      | Killed Jessica
  2638 | D:4      | Noticed an ogre
  2659 | D:4      | Killed an ogre
  2660 | D:4      | Reached skill level 5 in Conjurations
  2660 | D:4      | Reached XP level 5. HP: 10/35 MP: 0/8
  2665 | D:4      | Learned a level 4 spell: Fulminant Prism
  2800 | D:4      | Found a staircase to the Ecumenical Temple.
  2811 | Temple   | Entered the Ecumenical Temple
  2982 | Temple   | Became a worshipper of Gozag Ym Sagoz the Greedy
  3088 | D:4      | Noticed a black bear
  3095 | D:4      | Killed a black bear
  3096 | D:4      | Reached skill level 3 in Hexes
  3096 | D:4      | Reached XP level 6. HP: 41/41 MP: 3/9
  3210 | D:4      | Reached skill level 4 in Hexes
  3335 | D:4      | Reached skill level 5 in Hexes
  3720 | D:5      | Entered Level 5 of the Dungeon
  3780 | D:5      | Noticed Grinder
  3798 | D:5      | Killed Grinder
  3799 | D:5      | Reached skill level 7 in Hexes
  3799 | D:5      | Reached XP level 7. HP: 35/46 MP: 0/10
  4086 | D:5      | Reached skill level 8 in Hexes
  4190 | D:5      | Reached skill level 9 in Hexes
  4229 | D:5      | Reached skill level 10 in Hexes
  4505 | D:5      | Reached XP level 8. HP: 52/52 MP: 1/11
  5221 | D:6      | Identified the +6 dagger of Courage {venom, rC+ Dex+2}
  5328 | D:6      | Found an ancient bone altar of Kikubaaqudgha.
  5511 | D:6      | Found an iron altar of Okawaru.
  5522 | D:6      | Found a sparkling altar of Nemelex Xobeh.
  6147 | D:7      | Reached XP level 9. HP: 56/57 MP: 2/12
  6468 | D:7      | Found a bloodstained altar of Trog.
  6470 | D:7      | Found a stormy altar of Qazlal.
  6470 | D:7      | Found an ornate altar of the Wu Jian Council.
  6481 | D:7      | Found a shimmering altar of Xom.
  6484 | D:7      | Found a broken altar of Ashenzari.
  6704 | D:7      | Found Zuresm's Weapon Shop.
  7248 | D:8      | Reached skill level 5 in Spellcasting
  7353 | D:8      | Reached skill level 1 in Armour
  7429 | D:8      | Noticed a troll
  7439 | D:8      | Killed a troll
  7551 | D:8      | Reached skill level 5 in Dodging
  8105 | D:9      | Noticed a centaur warrior
  8286 | D:9      | Slain by a centaur warrior

Illustrated notes

Levels and vault maps discovered:
D:1:      grunt_arrival_crossed_arrows, layout_basic,
          hellmonk_ecumenical_altar_run_dry, hangedman_feature_mirror,
          chequers_serial_rivers_micro_b, minmay_domino_4
D:2:      layout_basic, hangedman_decor_points, grunt_ministairs_15,
          amcnicky_mini_rare_corridor_liquid, st_stairs_1, eino_curves_01
D:3:      layout_basic, serial_shops, nicolae_lakefront_shop,
          kennysheep_jessica_study
D:4:      layout_loops_ring, temple_hall, minmay_diced_spiral
D:5:      layout_layer_cave, uniq_grinder
D:6:      layout_basic, kennysheep_mini_moat,
          mainiacjoe_overflow_catwalk_spiral, corexii_checkpoint_a, st_stairs_10
D:7:      layout_basic, minmay_overflow_temple_star_hex, serial_shops,
          nicolae_lakefront_shop
D:8:      layout_cave_pods
D:9:      layout_irregular_city, david_lair_generic
Temple:   oiseaux_autumnal_temple

Skill      XL: |  1  2  3  4  5  6  7  8  9 |
---------------+----------------------------+-----
Conjurations   | 3 4 5 7 8 |  8.0
Hexes          | 3 7 10 | 10.0
Spellcasting   | 6 |  6.0
Armour         | 1 |  1.5
Dodging        | 5 |  5.4
Stealth        | |  3.0

Action                   |  1- 3 |  4- 6 |  7- 9 || total
-------------------------+-------+-------+-------++-------
Melee: Unarmed           |    45 |     2 |       ||    47
       Bite              |     7 |     3 |     6 ||    16
       Short sword       |       |    20 |    29 ||    49
       Dagger            |       |       |    44 ||    44
 Cast: Magic Dart        |    69 |    33 |     3 ||   105
       Searing Ray       |     6 |    11 |    55 ||    72
       Fulminant Prism   |       |       |     5 ||     5
Evoke: Wand              |       |       |     1 ||     1
  Use: Scroll            |       |       |     6 ||     6
       Potion            |       |       |     3 ||     3
 Stab: Sleeping          |       |     2 |     1 ||     3
Armor: Robe              |    12 |     4 |    47 ||    63
Dodge: Dodged            |    46 |    15 |   100 ||   161
